 Dungeon Crawl Stone Soup version 0.30-a0-364-gf6b3ef1049 (webtiles) character file.

Game seed: 8903446955892261720

43 killerjaq the Trooper (level 3, -2/31 HPs)
             Began as a Demigod Fighter on Nov 16, 2022.
             Killed by divine providence
             ... invoked by an orc priest
              (14 damage)
             ... on level 3 of the Dungeon.
             The game lasted 00:18:12 (1657 turns).

killerjaq the Trooper (Demigod Fighter)             Turns: 1657, Time: 00:18:12

Health: -2/31      AC: 10    Str: 21    XL:     3   Next: 20%
Magic:  5/5        EV:  7    Int: 10    God:
Gold:   103        SH:  9    Dex: 13    Spells: 2/2 levels left

rFire   . . .      SeeInvis .    a - +0 long sword
rCold   + . .      Faith    .    c - +0 buckler
rNeg    . . .      Spirit   .    z - +0 chain mail
rPois   .          Reflect  +    (no helmet)
rElec   .          Harm     .    (no cloak)
rCorr   .          Rampage  .    n - +0 pair of gloves
Will    .....                    (no boots)
Stlth   ..........               m - amulet of reflection
HPRegen 0.25/turn                y - ring of protection from cold
MPRegen 0.09/turn                (no ring)

@: mighty
A: high MP 1, forlorn, divine attributes
a: no special abilities


You were on level 3 of the Dungeon.
You visited 1 branch of the dungeon, and saw 3 of its levels.

You collected 103 gold pieces.

Inventory:

Hand Weapons
 a - a +0 long sword (weapon)
 e - a +0 club
 f - a +0 dagger
 g - a +0 short sword
 l - a +0 dagger
 p - a +0 club
 q - a +0 club
 r - a +0 whip
Missiles
 h - 16 stones (quivered)
 k - 5 atropa-tipped darts
Armour
 b - a +0 scale mail
 c - a +0 buckler (worn)
 n - a +0 pair of gloves (worn)
 z - a +0 chain mail (worn)
Jewellery
 m - an amulet of reflection (around neck)
 y - a ring of protection from cold (left hand)
Scrolls
 i - a scroll of butterflies {unknown}
 j - a scroll of enchant armour {unknown}
 s - 2 scrolls of immolation {unknown}
 u - a scroll of identify {unknown}
 w - 2 scrolls of amnesia {unknown}
 B - a scroll of enchant weapon {unknown}
Potions
 d - a potion of might
 o - a potion of haste {unknown}
 t - a potion of degeneration {unknown}
 v - a potion of resistance {unknown}
 x - a potion of mutation {unknown}
 A - a potion of ambrosia {unknown}


   Skills:
 * Level 3.1 Fighting
 + Level 2.1 Long Blades
 * Level 3.1 Armour
 * Level 0.1 Dodging
 + Level 0.1 Stealth
 + Level 3.0 Shields


You had 2 spell levels left.
You didn't know any spells.
Your spell library contained the following spells:

 Spells                   Type           Power      Damage    Failure   Level
 Freeze                   Ice            0%         1d3       99%         1
 Sting                    Tmut/Pois      0%         1d3       99%         1
 Poisonous Vapours        Pois/Air       0%         N/A       100%        2
 Frozen Ramparts          Ice            0%         1d1       100%        3
 Hailstorm                Conj/Ice       0%         3d3       100%        3
 Olgreb's Toxic Radiance  Pois           0%         N/A       100%        4


Dungeon Overview and Level Annotations

Branches:
Dungeon (3/15)


Innate Abilities, Weirdness & Mutations

You have an increased reservoir of magic. (+10% MP)
You shall have no god before yourself.
Your divine heritage dramatically boosts your attributes as you level up.


Message History

The jackal bites you but does no damage.
The orc attacks as you move away! You block the orc's attack.
The goblin shoots a sling bullet.
You reflect the sling bullet off an invisible shield around you!
The sling bullet barely misses the goblin.
You hear a shout!
Found 3 atropa-tipped darts.
The jackal bites you but does no damage.
You barely miss the jackal.
The jackal bites you but does no damage.
You barely miss the jackal. The jackal bites you.
You block the jackal's attack.
You hit the jackal but do no damage. The jackal closely misses you.
The jackal bites you but does no damage.
You hit the jackal.
The jackal is almost dead.
The jackal closely misses you. You block the jackal's attack.
Unknown command.
You feel very mighty all of a sudden. The jackal barely misses you.
You hit the jackal.
You kill the jackal!
You closely miss the orc. The orc barely misses you. x2
You block the orc's attack.
You closely miss the orc. The orc hits you with a +0 dagger.
You block the orc's attack.
You hit the orc.
The orc is heavily wounded.
You block the orc's attack. The orc hits you with a +0 hand axe.
The orc priest mumbles some strange prayers to Beogh against you.
Beogh smites you!
You closely miss the orc.
The orc is heavily wounded.
You block the orc's attack. The orc barely misses you. x2
The orc hits you but does no damage.
You closely miss the orc. The orc hits you but does no damage.
You block the orc's attack.
The orc priest mumbles some strange prayers to Beogh against you.
Beogh smites you!
You die...

###.# ....####
....(.#
#!.##.# #
#..##.##.#
#.......
#..##o#
..######.goo@#
#.........o###
#.###....####
#..........
#.##.######
#.##.# #.##.#
#<##.# #h# .#


You could see an orc priest, 3 orcs and a goblin.

Vanquished Creatures
  2 dart slugs
  3 endoplasms (D:1)
  2 giant cockroaches
  5 goblins
  3 hobgoblins (D:1)
  A jackal (D:3)
  4 quokkas
  2 ball pythons
  5 bats
  3 frilled lizards
  3 kobolds (D:1)
  2 rats (D:2)
35 creatures vanquished.

Notes
Turn   | Place    | Note
-------+----------+-------------------------------------------
     0 | D:1      | killerjaq the Demigod Fighter began the quest for the Orb.
     0 | D:1      | Reached XP level 1. HP: 18/18 MP: 3/3
   104 | D:1      | Reached XP level 2. HP: 22/25 MP: 4/4
  1110 | D:2      | Reached XP level 3. HP: 31/31 MP: 5/5
  1657 | D:3      | Killed from afar by an orc priest

Illustrated notes

Levels and vault maps discovered:
D:1:      ncdulo_smallfort, layout_basic
D:2:      layout_rooms, minmay_ruptured
D:3:      layout_loops_ring

Skill      XL: |  1  2 |
---------------+-------+-----
Fighting       | 3 |  3.1
Long Blades    | 2 |  2.1
Armour         | 3 |  3.1
Shields        | 3 |  3.0
Dodging        | |  0.1
Stealth        | |  0.1

Action                   || total
-------------------------++-------
Melee: Long sword        ||   100
Throw: Stone             ||     1
  Use: Potion            ||     1
Armor: Scale mail        ||    45
       Chain mail        ||    20
Dodge: Dodged            ||    47
Block: Buckler           ||    66
       Reflection        ||     7

Table legend: (Time is in decaauts)
 A = Elapsed time spent in this place.
 B = Non-inter-level travel time spent in this place.
 C = Inter-level travel time spent in this place.
 D = Time resting spent in this place.
 E = Time spent auto-exploring this place.
 F = Levels seen in this place.
 G = Mean time per level.
                   A        B        C        D        E       F      G
               +--------+--------+--------+--------+--------+-----+--------+
         Total |   1689 |   1689 |      0 |    100 |    286 |   3 |  563.0 |
       Dungeon |   1689 |   1689 |      0 |    100 |    286 |   3 |  563.0 |
               +--------+--------+--------+--------+--------+-----+--------+

Top non-repeatable levels by time:
     D:1: 829 daAuts
     D:2: 826 daAuts
     D:3: 33 daAuts
